Map: [ESL] Tropical Sacrifice

Players

Serral

  • Race: Zerg Zerg
  • Spawn Location: 7:00

Zoun - Winner!

  • Race: Protoss Protoss
  • Spawn Location: 1:00

Event: HomeStory Cup XXII

VOD

Have the link to the VOD?

Description

Time

  • Played on: Dec. 18, 2022, 9:17 a.m.
  • Length: 12:59

All games in this series

Show
View Real Time Build Order
Export as new Build Order

Serral Zerg 

Build Orders: Hatch First 

Get SALT Encoding   

  12  0:00  Drone  
  13  0:13  Overlord  
  13  0:17  Drone  
  14  0:31  Drone x2  
  16  0:46  Drone  
  17  0:55  Hatchery  
  17  0:56  Drone  
  17  0:59  Drone  
  18  1:10  Extractor  
  17  1:15  Spawning Pool  
  16  1:19  Drone  
  16  1:22  Drone  
  18  1:29  Drone  
  19  1:39  Drone  
  20  1:49  Overlord  
  20  2:01  Queen  
  20  2:06  Zergling x2  
  20  2:07  Zergling x2, Queen  
  26  2:12  Drone  
  26  2:14  Metabolic Boost  
  27  2:18  Drone  
  27  2:22  Drone  
  29  2:28  Drone  
  30  2:40  Hatchery  
  29  2:47  Drone  
  29  2:48  Drone  
  29  2:50  Queen  
  33  2:56  Overlord  
  33  2:58  Drone  
  34  3:00  Drone  
  34  3:02  Drone  
  36  3:07  Overlord  
  36  3:14  Queen  
  36  3:15  Drone  
  36  3:18  Drone  
  36  3:19  Drone  
  41  3:23  Drone  
  42  3:30  Drone  
  42  3:32  Drone x2  
  45  3:37  Queen  
  46  3:41  Overlord  
  46  3:42  Drone  
  46  3:43  Drone  
  46  3:46  Zergling x4  
  50  3:51  Queen  
  50  3:55  Drone x3  
  55  4:02  Spore Crawler  
  54  4:05  Zergling x2, Evolution Chamber  
  54  4:07  Drone x3  
  57  4:11  Overlord  
  57  4:12  Drone  
  57  4:16  Drone x2  
  60  4:19  Spore Crawler, Overlord  
  60  4:21  Drone  
  60  4:22  Drone  
  62  4:26  Evolution Chamber  
  62  4:29  Drone x3  
  64  4:32  Drone  
  64  4:36  Roach Warren  
  64  4:37  Drone  
  65  4:39  Drone  
  65  4:40  Drone  
  65  4:42  Drone  
  65  4:45  Overlord  
  68  4:47  Zergling x2, Drone  
  68  4:48  Drone  
  68  4:51  Extractor  
  70  4:55  Lair  
  70  4:56  Zerg Melee Weapons Level 1  
  70  4:57  Zergling x2  
  70  4:59  Drone  
  73  5:00  Drone x2  
  74  5:09  Zergling x2, Hatchery  
  74  5:11  Drone x3  
  76  5:15  Drone  
  76  5:16  Drone x3  
  76  5:19  Extractor x2  
  78  5:22  Drone x2, Overlord  
  78  5:24  Overlord  
  78  5:25  Drone  
  81  5:30  Overlord  
  81  5:33  Overlord  
  80  5:36  Drone  
  80  5:40  Overlord  
  80  5:41  Roach x4  
  89  5:44  Roach  
  89  5:45  Zergling x4  
  93  5:51  Spore Crawler  
  93  5:52  Queen  
  93  5:53  Drone x3, Extractor x2  
  93  5:54  Glial Reconstitution, Drone x2  
  97  6:00  Roach x2  
  101  6:11  Zergling x8  
  101  6:12  Roach x3  
  101  6:14  Overlord  
  111  6:19  Drone  
  111  6:23  Baneling Nest  
  111  6:25  Overlord  
  111  6:26  Zergling x14  
  111  6:30  Overlord  
  118  6:34  Drone x2  
  118  6:37  Zergling x2  
  120  6:40  Zergling x8  
  120  6:44  Zergling x2  
  126  6:47  Zergling x2  
  126  6:51  Zergling x2  
  126  6:52  Zergling x12  
  128  6:56  Roach  
  128  6:57  Roach x2  
  128  7:02  Zergling x2  
  128  7:05  Zergling x4, Queen  
  128  7:06  Queen x3  
  128  7:14  Zerg Melee Weapons Level 2  
  123  7:16  Zergling x10  
  121  7:24  Zergling x4  
  121  7:25  Zergling x8  
  121  7:26  Ravager x2  
  121  7:28  Ravager x6  
  129  7:30  Zergling x8  
  127  7:39  Zergling x6  
  129  7:46  Zergling x10  
  129  7:51  Zergling x10  
  137  7:53  Hatchery  
  137  7:57  Overlord  
  134  8:00  Overlord  
  134  8:02  Overlord  
  134  8:03  Centrifugal Hooks  
  130  8:13  Zergling x6  
  130  8:23  Zergling x18  
  132  8:28  Zergling x2  
  132  8:33  Zergling x4  
  132  8:38  Zergling x2  
  133  8:44  Zergling x12  
  133  8:45  Hatchery  
  135  8:52  Drone x2  
  136  9:00  Zergling x2  
  136  9:01  Zergling x4  
  139  9:07  Zergling x4  
  141  9:10  Zergling x4  
  141  9:14  Infestation Pit  
  141  9:15  Hatchery  
  141  9:16  Baneling  
  141  9:17  Baneling x5  
  140  9:18  Zergling x16  
  140  9:20  Baneling  
  140  9:21  Baneling x9  
  145  9:28  Zergling x12  
  145  9:30  Baneling  
  145  9:31  Baneling x4  
  151  9:37  Zergling x4  
  153  9:40  Zergling x10  
  153  9:41  Zerg Missile Weapons Level 1  
  153  9:43  Zergling x2  
  153  9:44  Zergling x4  
  158  9:49  Overlord x2  
  158  9:50  Overlord x3  
  158  9:52  Hive  
  158  9:53  Drone  
  158  9:55  Drone, Evolution Chamber  
  159  10:01  Drone x3  
  159  10:06  Baneling x12  
  161  10:08  Drone  
  161  10:09  Zergling x16  
  170  10:17  Drone x5  
  170  10:18  Drone  
  175  10:24  Zergling x10  
  179  10:33  Zergling x18  
  185  10:41  Overlord  
  185  10:43  Zerg Ground Armor Level 1  
  185  10:44  Zergling x28  
  199  10:50  Baneling x12  
  199  10:51  Baneling  
  199  11:00  Hydralisk Den  
  199  11:04  Drone  
  199  11:10  Zergling x16  
  192  11:20  Adrenal Glands  
  192  11:31  Baneling x14  
  188  11:39  Extractor, Spine Crawler  
  185  11:40  Spine Crawler  
  185  11:41  Drone x4, Extractor  
  185  11:42  Drone x2  
  185  11:43  Spine Crawler  
  185  11:44  Zergling x12  
  185  11:45  Zergling x30  
  197  11:52  Baneling  
  197  11:53  Baneling x14  
  190  11:57  Zergling x2  
  190  11:58  Zergling x10  
  190  12:00  Baneling x4  
  197  12:06  Zergling x14  
  197  12:14  Zergling x18  
  196  12:16  Baneling  
  196  12:18  Baneling x6  
  196  12:22  Zergling x4  
  175  12:23  Zergling x8  
  175  12:27  Zergling x6  
  149  12:30  Zergling x2  
  149  12:31  Zergling x4  
  149  12:35  Zergling x6  
  147  12:41  Zergling x14  
Show
View Real Time Build Order
Export as new Build Order

Zoun Protoss - Winner!

Build Orders: 1 Gate Expand, Oracle Opening 

Get SALT Encoding   

  12  0:00  Probe  
  13  0:12  Probe  
  14  0:20  Pylon  
  14  0:24  Probe  
  15  0:38  Probe (Chrono Boost)  
  15  0:42  Gateway  
  16  0:47  Probe (Chrono Boost)  
  17  0:51  Assimilator  
  17  0:53  Probe  
  18  1:05  Probe  
  19  1:17  Probe  
  20  1:28  Nexus  
  20  1:38  Cybernetics Core  
  20  1:42  Probe  
  21  1:52  Assimilator  
  21  1:54  Probe  
  21  1:59  Pylon  
  22  2:06  Probe  
  23  2:14  Adept (Chrono Boost)  
  23  2:18  Probe  
  26  2:22  Stargate  
  26  2:29  Warp Gate  
  26  2:31  Probe (Chrono Boost)  
  27  2:38  Adept  
  27  2:41  Probe (Chrono Boost)  
  27  2:43  Probe (Chrono Boost)  
  31  2:50  Probe (Chrono Boost)  
  33  2:51  Probe (Chrono Boost)  
  33  2:55  Probe (Chrono Boost)  
  34  3:00  Probe  
  34  3:04  Oracle (Chrono Boost)  
  35  3:07  Probe  
  35  3:12  Probe  
  40  3:16  Pylon  
  40  3:22  Probe, Gateway  
  41  3:27  Probe  
  41  3:30  Adept  
  44  3:35  Probe  
  44  3:36  Oracle (Chrono Boost)  
  44  3:40  Probe  
  49  3:47  Probe  
  50  3:52  Probe  
  51  4:00  Probe  
  52  4:03  Nexus  
  52  4:04  Pylon  
  52  4:06  Probe  
  53  4:12  Probe  
  54  4:17  Assimilator  
  54  4:21  Twilight Council, Assimilator  
  54  4:22  Forge, Probe  
  55  4:25  Shield Battery  
  55  4:28  Phoenix  
  55  4:30  Probe  
  58  4:34  Probe  
  59  4:43  Probe, Pylon  
  60  4:47  Probe  
  60  4:52  Protoss Ground Weapons Level 1 (Chrono Boost)  
  61  4:54  Gateway  
  61  4:55  Gateway  
  61  4:56  Gateway  
  61  4:57  Probe, Blink (Chrono Boost)  
  62  5:01  Probe  
  63  5:09  Probe  
  63  5:13  Probe  
  65  5:16  Probe  
  65  5:21  Probe, Gateway  
  67  5:25  Probe  
  68  5:28  Probe  
  68  5:32  Adept  
  68  5:33  Adept, Probe  
  74  5:37  Probe  
  74  5:40  Probe  
  76  5:45  Probe  
  76  5:47  Pylon  
  77  5:51  Gateway x2  
  77  5:54  Assimilator  
  77  5:56  Stalker x3  
  83  5:59  Stalker  
  85  6:05  Gateway  
  85  6:08  Pylon  
  85  6:13  Stalker  
  85  6:18  Adept  
  89  6:23  Stalker x2  
  93  6:29  Pylon x2  
  93  6:31  Stalker x2  
  97  6:37  Stalker  
  97  6:51  Stalker x5  
  105  6:58  Stalker x2  
  105  6:59  Stalker  
  109  7:08  Stalker  
  101  7:19  Stalker x2  
  101  7:25  Stalker x6  
  111  7:34  Stalker  
  109  7:42  Stalker x2  
  113  7:48  Stalker x2  
  113  7:51  Pylon  
  117  7:52  Pylon  
  117  8:09  Probe x3  
  120  8:13  Stalker x3  
  120  8:14  Stalker x4  
  132  8:20  Charge  
  132  8:24  Probe x3  
  129  8:30  Pylon  
  129  8:31  Pylon  
  129  8:36  Nexus  
  129  8:40  Robotics Facility  
  129  8:42  Pylon  
  129  8:48  Probe x2  
  131  8:49  Protoss Ground Weapons Level 2 (Chrono Boost)  
  131  8:55  Pylon  
  131  9:05  Stalker  
  131  9:06  Stalker x5  
  131  9:09  Probe x2  
  145  9:14  Shield Battery  
  145  9:17  Photon Cannon  
  145  9:18  Photon Cannon  
  145  9:25  Pylon x2  
  145  9:28  Observer  
  145  9:30  Templar Archives  
  146  9:33  Probe x2, Pylon  
  146  9:53  Zealot x4, Gateway x2  
  146  9:55  Probe  
  146  9:58  Probe  
  146  9:59  Probe  
  157  10:00  Psionic Storm  
  157  10:03  Zealot x2  
  161  10:15  High Templar  
  161  10:16  High Templar x4  
  171  10:23  High Templar  
  173  10:34  Observer  
  173  10:37  High Templar x2  
  173  10:40  Assimilator x2  
  171  10:43  Gateway  
  171  10:44  Gateway  
  171  10:45  Gateway  
  171  10:46  Gateway  
  171  10:47  Archon, Photon Cannon  
  171  10:48  Photon Cannon  
  169  10:53  Warp Prism (Chrono Boost), Probe x3  
  174  11:01  Protoss Ground Armor Level 1 (Chrono Boost)  
  174  11:03  Zealot x3  
  174  11:04  Zealot x5  
  190  11:15  High Templar  
  190  11:16  High Templar  
  192  11:20  Archon  
  192  11:29  Stalker x6  
  194  11:33  Pylon  
  194  11:36  Pylon  
  192  11:47  Zealot x2  
  196  11:56  Stalker x2  
  198  12:16  Zealot  
  192  12:26  Stalker x8  
  192  12:27  Stalker x2  
  194  12:32  Zealot x3  
  174  12:45  Zealot x4  
  178  12:54  Archon  
Tags
 
Add a new tag
Caveats
  • Supply blocks, unpowered buildings, or Contaminate may cause inaccurate times.
  • Supply counts are checked every 10 seconds.